[Event "Early-Titled-Tuesday-Blitz-October-03-2023"]
[Site "Chess.com"]
[Date "2023.10.03"]
[Round "11"]
[White "Leonid_Starozhilov"]
[Black "HajiyevKanan"]
[Result "1-0"]
[WhiteElo "2725"]
[BlackElo "2535"]
[TimeControl "180+1"]
[EndTime "10:08:24 PDT"]
[Termination "Leonid_Starozhilov won by checkmate"]

1. e4 c6 2. Nc3 d5 3. Nf3 a6 4.
g3 Bg4 5. Bg2 e6 6. O-O Nf6 7. Qe2 Bb4 8. d3 O-O 9. h3 Bh5 10. g4 Bg6 11. Ne5 Nbd7 12. Nxg6 fxg6 13. f4 Bxc3 14. bxc3 dxe4 15. dxe4 e5 16. f5 gxf5 17.
exf5 Nd5 18. c4 Qb6+ 19. Kh1 Qd4 20. cxd5 Qxa1 21. dxc6 bxc6 22. Qc4+ Kh8 23. Ba3 Qd4 24. Qxd4 exd4 25. Bxc6 Ne5 26. Bxa8 Rxa8 27. f6 gxf6 28.
Rxf6 Rc8 29. Bb2 Nc6 30. Kg2 Kg8 31. Kf3 Ne5+ 32. Ke4 Rxc2 33. Bxd4 Re2+ 34. Kd5 Nd7 35. Rxa6 Rh2 36. Ra7 h5 37. Rxd7 Rxh3 38. g5 Rg3 39. Rg7+ Kf8 40. g6 h4 41. Rh7 Rg5+ 42. Kc4 Rxg6 43. Rxh4 Rg2 44. a4 Ra2 45. Kb5 Ke7 46.
Rh6 Kd7 47. a5 Rd2 48. Bc5 Kc8 49. a6 Rd7 50. Rh8+ Kc7 51. Bb6+ Kd6 52. Rd8 Rxd8 53. Bxd8 Kd7 54. a7 Kxd8 55. a8=Q+ Kd7 56. Qc6+ Ke7 57. Kc5 Kf7 58. Qd6 Kg7 59. Kd5 Kf7 60. Qe6+ Kg7 61.
Qf5 Kh6 62. Qg4 Kh7 63. Ke6 Kh6 64. Kf7 Kh7 65. Qg7# 1-0

[Event "Early-Titled-Tuesday-Blitz-October-03-2023"]
[Site "Chess.com"]
[Date "2023.10.03"]
[Round "11"]
[White "Flaccidmoves"]
[Black "IngOscarArdila"]
[Result "1-0"]
[WhiteElo "2448"]
[BlackElo "2317"]
[TimeControl "180+1"]
[EndTime "10:08:25 PDT"]
[Termination "Flaccidmoves won on time"]

1. d4 Nf6 2. c4 e6 3. g3 Be7 4. Bg2 O-O 5. e4 d6 6. Nc3 Nbd7 7. Nge2 c6 8. O-O Qc7 9. h3 e5 10. Be3 Re8 11. d5 cxd5 12. cxd5 Nc5 13. Rc1 a5 14. Na4 b6 15. f4 Nfd7 16. f5 Ba6 17. g4 Rac8 18. g5 Qb8 19. Nac3 Nd3 20. Rb1 N7c5 21. f6 Bf8 22. Ng3 g6 23. h4 b5 24. h5 b4 25.
Nce2 Nf4 26. Nxf4 exf4 27. Bxf4 Bxf1 28. Qxf1 Qb6 29. Be3 Qa6 30. Rc1 Qxf1+ 31. Bxf1 Nxe4 32. Rxc8 Rxc8 33. Nxe4 gxh5 34. Bd3 a4 35. Kf2 a3 36. b3 Re8 37. Ng3 h4 38. Nf5 h3 39.
Ng3 h2 40. Bf4 h6 41. gxh6 Rc8 42. h7+ Kh8 43. Kg2 Rc3 44. Bf5 Rc5 45. Be4 Rc8 46.
Kxh2 Re8 47. Kh3 Rc8 48. Kg4 Re8 49. Kf3 Rc8 50. Bf5 Rc3+ 51. Kg4 Rc5 52. Ne4 Rxd5 53.
Ng5 Rxf5 54. Kxf5 d5 55. Be5 d4 56. Bxd4 1-0

[Event "Early-Titled-Tuesday-Blitz-October-03-2023"]
[Site "Chess.com"]
[Date "2023.10.03"]
[Round "11"]
[White "GeorgiosSouleidis"]
[Black "Goi_Manne"]
[Result "1/2-1/2"]
[WhiteElo "2547"]
[BlackElo "2297"]
[TimeControl "180+1"]
[EndTime "10:08:25 PDT"]
[Termination "Game drawn by repetition"]

1. e4 c6 2. Nc3 d5 3. Nf3 dxe4 4. Nxe4 Nf6 5. Qe2 Nxe4 6. Qxe4 Qd5 7. Qh4 Qe6+ 8. Be2 Qg4 9. Qg3 Qxg3 10. hxg3 Bf5 11.
c3 e6 12. d4 Be7 13. Ne5 Nd7 14. g4 Be4 15. Nxd7 Kxd7 16. f3 Bg6 17. Be3 h5 18. gxh5 Rxh5 19. Kf2 Rah8 20. Rxh5 Rxh5 21. Bf4 Bd6 22.
Bxd6 Kxd6 23. Rd1 b5 24. b4 Rh8 25. Rd2 Ra8 26. a4 a6 27. Ra2 Rc8 28. axb5 axb5 29.
Ra6 Kd7 30. Ke3 Bc2 31. f4 Ba4 32. c4 Rc7 33. Ra5 Rb7 34. Bf3 Rc7 35. Ra6 Bb3 36. c5 Ba4 37. g4 f6 38. g5 f5 39. Kf2 Bb3 40. Kg3 Bd5 41. Bxd5 exd5 42. Ra8 Rc8 43. Ra7+ Rc7 44. Ra6 Ke7 45. Kh4 g6 46. Kg3 Kd7 47. Kf3 Rc8 48. Ra7+ Rc7 49. Ra1 Rc8 50. Rh1 Re8 51. Rh7+ Re7 52. Rh6 Re6 53. Kg3 Kd8 54. Rh8+ Re8 55. Rxe8+ Kxe8 56. Kf3 Ke7 57. Ke3 Kd7 58.
Kf3 Ke7 59. Ke3 Kd7 60. Kf3 Ke7 1/2-1/2

[Event "Early-Titled-Tuesday-Blitz-October-03-2023"]
[Site "Chess.com"]
[Date "2023.10.03"]
[Round "11"]
[White "Quattroporte300"]
[Black "curradogianfigliazzi"]
[Result "0-1"]
[WhiteElo "2357"]
[BlackElo "2272"]
[TimeControl "180+1"]
[EndTime "10:08:26 PDT"]
[Termination "curradogianfigliazzi won by resignation"]

1. e4 c5 2. Nf3 d6 3. c3 Nf6 4. h3 g6 5. Be2 Bg7 6. O-O O-O 7. d3 Nc6 8. Be3 Rb8 9. a3 b5 10.
b4 cxb4 11. axb4 a5 12. bxa5 b4 13. Qa4 Bd7 14. cxb4 Nxb4 15. Qd1 Nxe4 16. dxe4 Bxa1 17. Bb6 Rxb6 18. axb6 Qxb6 19. Nbd2 Bg7 20. Nc4 Qc5 21. e5 Bb5 22. Qb3 d5 23. Rb1 Bxc4 24. Bxc4 Qxc4 25.
Qxb4 Qxb4 26. Rxb4 e6 27. Kf1 h6 28. Ke2 Rc8 29.
Kd3 g5 30. Rb7 f6 31. exf6 Bxf6 32. Nd4 Re8 33. g4 Be5 34. f3 Bxd4 35. Kxd4 Rf8 36. Rb3 Kf7 37. Ke5 Re8 38. Rb7+ Re7 39. Rb6 Rd7 40.
Rxe6 d4 41. Rxh6 d3 42. Rh7+ Ke8 43. Rh8+ Ke7 44. Rh7+ Kd8 45. Rh8+ Kc7 46. Ra8 d2 47. Ra1 d1=Q 48. Rxd1 Rxd1 49. Kf5 Rd5+ 50. Kg6 Kd6 51. h4 gxh4 52. f4 Ke7 53. f5 h3 54. g5 Kf8 55. f6 Rxg5+ 56. Kxg5 h2 0-1

[Event "Early-Titled-Tuesday-Blitz-October-03-2023"]
[Site "Chess.com"]
[Date "2023.10.03"]
[Round "11"]
[White "slorovel"]
[Black "Duhless"]
[Result "0-1"]
[WhiteElo "2518"]
[BlackElo "2944"]
[TimeControl "180+1"]
[EndTime "10:08:27 PDT"]
[Termination "Duhless won by checkmate"]

1. e4 Na6 2. Bxa6 bxa6 3. d4 Bb7 4. Nc3 e6 5. Nf3 Ne7 6. O-O Ng6 7. Bg5 f6 8. Be3 Bb4 9. Nd2 O-O 10. a3 Bxc3 11. bxc3 f5 12. f3 Rb8 13. Qe2 Qh4 14. g3 Qh5 15. exf5 Qxf5 16. Qd3 Qh3 17. Ne4 Qh5 18. Bd2 Bc6 19. a4 h6 20. c4 Qf5 21. Bc3 Rf7 22. a5 Rbf8 23. Rad1 Qh5 24. d5 exd5 25. cxd5 Bb5 26. Qd4 Bxf1 27. Rxf1 d6 28. f4 Ne7 29. Rd1 Qg6 30. Re1 Nf5 31. Qxa7 Re7 32. Nf6+ gxf6 33.
Rxe7 Nxe7 34. Qxc7 Nxd5 35. Qc4 Qf7 36. Bd4 Nxf4 37.
Qxf7+ Kxf7 38. gxf4 Ke6 39. Kf2 Kd5 40. c3 f5 41. Kg3 Rg8+ 42. Kf3 h5 43. Bb6 Kc4 44. Bd4 Kb5 45. Bb6 Rc8 46. Kg3 Rxc3+ 47. Kh4 d5 48. Kxh5 Rh3+ 49. Kg5 Rxh2 50. Kxf5 Kc4 51.
Ke5 Re2+ 52. Kd6 d4 53. f5 d3 54. f6 d2 55. f7 d1=Q+ 56. Kc6 Qd5+ 57. Kc7 Re6 58.
f8=Q Qc6+ 59. Kb8 Re8+ 60. Qxe8 Qxe8+ 61. Kb7 Kb5 62. Kc7 Qe7+ 63. Kb8 Kc6 64. Bd8 Qb7# 0-1

[Event "Early-Titled-Tuesday-Blitz-October-03-2023"]
[Site "Chess.com"]
[Date "2023.10.03"]
[Round "11"]
[White "Shuvalov"]
[Black "sonicdravise"]
[Result "0-1"]
[WhiteElo "2476"]
[BlackElo "2658"]
[TimeControl "180+1"]
[EndTime "10:08:27 PDT"]
[Termination "sonicdravise won by resignation"]

1. d4 g6 2. c4 Bg7 3. e4 c5 4. Nf3 Nc6 5. Be3 Qa5+ 6. Nc3 d6 7. h3 Nf6 8. Qd2 cxd4 9. Nxd4 Nxd4 10. Bxd4 Nxe4 11.
Nxe4 Qxd2+ 12. Nxd2 Bxd4 13. O-O-O Bxf2 14. Bd3 Be6 15. Kb1 Bd4 16. Nf3 Bf6 17. b3 O-O 18. Be4 Rab8 19. Nd4 Bd7 20. Rhe1 Rfc8 21. Re2 a6 22.
Ree1 b5 23. cxb5 axb5 24. Nc2 b4 25. Ne3 Bc3 26. Re2 Bb5 27. Bd3 e6 28. Bxb5 Rxb5 29.
Rxd6 Re5 30. Rd3 f5 31. Rc2 f4 32. Nc4 Re1+ 33. Rc1 Re2 34. Rc2 Re1+ 35. Rc1 Rxc1+ 36. Kxc1 e5 37. Rd7 e4 38. Kd1 Re8 39. Ke2 Ra8 40.
Re7 Rxa2+ 41. Kd1 e3 42. Nb6 Ra1+ 43. Kc2 Ra2+ 44. Kd1 Rxg2 45. Nd5 Rg1+ 46. Kc2 Rg2+ 47. Kd3 Rd2+ 48. Kc4 Rd4+ 49. Kc5 Rxd5+ 50. Kxd5 Bd2 51. Ke4 e2 52. Kf3 e1=Q 53. Rxe1 Bxe1 54. Kxf4 Bc3 55. Ke4 Kf7 56. Kd5 Kf6 57. Ke4 Kg5 58. Kf3 Kh4 59. Kg2 Be5 0-1

[Event "Early-Titled-Tuesday-Blitz-October-03-2023"]
[Site "Chess.com"]
[Date "2023.10.03"]
[Round "11"]
[White "Oleksandr_Bortnyk"]
[Black "Hikaru"]
[Result "0-1"]
[WhiteElo "3019"]
[BlackElo "3270"]
[TimeControl "180+1"]
[EndTime "10:08:30 PDT"]
[Termination "Hikaru won by resignation"]

1. d4 d5 2. Nc3 c6 3. Bf4 Qb6 4. Rb1 Bf5 5. e3 e6 6. Bd3 Bxd3 7. cxd3 Nd7 8. Nf3 a5 9. O-O Ngf6 10. e4 Be7 11. e5 Ng8 12. a3 Bd8 13. b4 axb4 14. Rxb4 Qa7 15. Qb3 b6 16. Ra4 Qb7 17. Rc1 Ne7 18.
h4 Rb8 19. Rb4 h6 20. h5 g5 21. Bd2 O-O 22. Nd1 Nf5 23. Ne3 Nxe3 24. Bxe3 Be7 25. Nh2 f5 26. exf6 Nxf6 27. Ra4 b5 28. Ra5 Bd8 29. Bd2 Rc8 30. Nf3 Bxa5 31. Bxa5 Nxh5 32. Ne5 Qg7 33. Bb4 Rfe8 34. Qd1 Nf4 35. Nxc6 Ng6 36. Rc5 Kh7 37. Qg4 Qd7 38. Qf3 Rf8 39. Qh5 Rxc6 40. Rxc6 Qxc6 41. Bxf8 Qc1+ 42. Kh2 Qf4+ 43. Kg1 Qxf8 44.
Qe2 Qxa3 45. Qxe6 Qc1+ 46. Kh2 Qf4+ 47. Kg1 Qxd4 48. Qd7+ Qg7 49. Qxb5 Qf7 50. d4 Nf4 51. g3 Nh3+ 52. Kg2 g4 53. f4 Qe6 54. Qb1+ Qe4+ 55. Qxe4+ dxe4 56. d5 Kg6 57. Kf1 Kf6 58. Ke2 Nxf4+ 59.
gxf4 g3 60. Ke3 h5 61. d6 Ke6 62. Kxe4 g2 0-1

[Event "Early-Titled-Tuesday-Blitz-October-03-2023"]
[Site "Chess.com"]
[Date "2023.10.03"]
[Round "11"]
[White "bazar-wokzal"]
[Black "ajedrezhoy"]
[Result "0-1"]
[WhiteElo "2582"]
[BlackElo "2375"]
[TimeControl "180+1"]
[EndTime "10:08:32 PDT"]
[Termination "ajedrezhoy won by resignation"]

1. e4 Nf6 2. e5 Nd5 3. c4 Nb6 4.
d4 d6 5. f4 dxe5 6. fxe5 Bf5 7. Nc3 e6 8. Nf3 Bb4 9. Be3 c5 10. a3 Bxc3+ 11. bxc3 O-O 12. Bd3 Nc6 13. O-O Bg6 14.
Rb1 Na5 15. Bxg6 fxg6 16. dxc5 Qxd1 17. Rfxd1 Nbxc4 18. Bg5 Rf7 19. a4 h6 20. Bc1 Rc8 21. Nd4 Re7 22. Nb5 Rxc5 23. Rd8+ Kh7 24. Nxa7 Rxe5 25.
Bf4 Rf5 26. Bg3 Ref7 27. h3 g5 28. Nc8 e5 29. Kh2 h5 30. h4 gxh4 31. Bxh4 g5 32. Be1 h4 33. Nd6 Nxd6 34. Rxd6 Nc4 35. Rd8 Ne3 36.
Bd2 Nf1+ 37. Rxf1 Rxf1 38. Bxg5 R1f2 39. Bxh4 Rc2 40. Bg3 e4 41. Be5 Kg6 42. Bd4 Kf5 43. Rb8 Rh7+ 44. Kg3 Rd2 45. Rf8+ Ke6 46. Re8+ Kd5 47.
Re5+ Kc4 48. Rxe4 Kd3 49. Rf4 Ra2 50. Be5 Rh5 51. Bg7 Rg5+ 52. Rg4 Rxg4+ 53. Kxg4 Rxg2+ 54. Kf5 Rxg7 0-1

[Event "Early-Titled-Tuesday-Blitz-October-03-2023"]
[Site "Chess.com"]
[Date "2023.10.03"]
[Round "11"]
[White "Byniolus"]
[Black "NovoselovRoman"]
[Result "1-0"]
[WhiteElo "2748"]
[BlackElo "2624"]
[TimeControl "180+1"]
[EndTime "10:08:33 PDT"]
[Termination "Byniolus won on time"]

1. Nf3 Nf6 2. c4 e6 3. g3 d5 4.
Bg2 Be7 5. O-O O-O 6. b3 a5 7.
Bb2 a4 8. e3 Na6 9. Nc3 a3 10.
Bc1 dxc4 11. bxc4 Bb4 12. Qb3 c5 13. Bxa3 Bd7 14. Ne5 Bc6 15. Nxc6 bxc6 16. Rfd1 Qd3 17. Bxc6 Rab8 18. Nb5 Qe2 19. h3 Bxa3 20. Qxa3 Nb4 21. Bg2 Nc2 22. Qc3 Nxa1 23. Rxa1 e5 24. Bf1 Qf3 25.
d3 Rfd8 26. Qxe5 Ra8 27. Bg2 Qe2 28. Bxa8 Rxa8 29. Qc3 h5 30. a4 h4 31. gxh4 Rd8 32. d4 Ne4 33. Qe1 Qf3 34. Qf1 Re8 35. Qg2 Qe2 36.
Kh2 Re6 37. f3 Qxe3 38. fxe4 Rg6 39. Qf1 Qg3+ 40. Kh1 Rf6 41. Qg2 Qxh4 42. dxc5 Rf2 43. Qg4 Qh6 44. Rg1 g6 45. c6 Rf4 46. Qg3 Rxe4 47. c7 Re8 48. Nd6 1-0

[Event "Early-Titled-Tuesday-Blitz-October-03-2023"]
[Site "Chess.com"]
[Date "2023.10.03"]
[Round "11"]
[White "jaskol95"]
[Black "Actuary44"]
[Result "1-0"]
[WhiteElo "2636"]
[BlackElo "2512"]
[TimeControl "180+1"]
[EndTime "10:08:33 PDT"]
[Termination "jaskol95 won by checkmate"]

1. d4 Nf6 2. Nc3 g6 3. e4 d6 4. Bf4 Bg7 5. Qd2 O-O 6. O-O-O c6 7. Bh6 b5 8. f3 b4 9. Nce2 Be6 10. Kb1 a5 11. h4 a4 12. h5 b3 13. hxg6 bxc2+ 14. Qxc2 fxg6 15. Bxg7 Kxg7 16. Qd2 Kg8 17. Nc3 Na6 18. Qh6 Rf7 19. Nh3 Bxh3 20. Qxh3 a3 21. e5 Nh5 22. Ne4 Qb6 23. b3 Qb4 24. Bxa6 Rxa6 25. Qc8+ Kg7 26. Qxa6 d5 27. Nc5 Nf4 28. Qf1 Rf8 29. Qf2 Rb8 30. Qc2 Kg8 31. Nd3 Qxd4 32.
Nxf4 Qxf4 33. Rde1 Qd4 34. Rd1 Qxe5 35. Rhe1 Qf6 36.
Re2 e6 37. Rde1 Re8 38. Qxc6 Kf7 39. Qd7+ Re7 40. Qc6 Qf5+ 41. Qc2 Qf6 42. Qc1 d4 43. Qxa3 d3 44. Rd2 Qc3 45. Qb2 Qb4 46. Red1 Rd7 47. Rxd3 Rxd3 48. Rxd3 Qe1+ 49. Kc2 Qe2+ 50. Kc3 Qe5+ 51.
Kc2 Qe2+ 52. Rd2 Qb5 53. Qd4 Qc6+ 54. Qc3 Qb5 55. Qd3 Qc5+ 56. Kb2 Qe5+ 57. Qd4 Qe1 58.
Qd7+ Kf6 59. Qd8+ Kf7 60. Rd7# 1-0

[Event "Early-Titled-Tuesday-Blitz-October-03-2023"]
[Site "Chess.com"]
[Date "2023.10.03"]
[Round "11"]
[White "NovikovaGalina"]
[Black "karinachess1"]
[Result "0-1"]
[WhiteElo "2444"]
[BlackElo "2635"]
[TimeControl "180+1"]
[EndTime "10:08:33 PDT"]
[Termination "karinachess1 won on time"]

1. e4 e5 2. Nf3 Nc6 3. d4 exd4 4. Nxd4 Bc5 5. Nb3 Bb6 6. Nc3 Nf6 7. Qe2 O-O 8. Be3 d5 9. O-O-O d4 10. Bg5 h6 11.
Bh4 Re8 12. f3 Be6 13. g4 a5 14. Na4 Bxb3 15. cxb3 Ba7 16. Kb1 Qd6 17. Bg3 Qe7 18. h4 Nh7 19. g5 h5 20. g6 fxg6 21. Qg2 Nf8 22. Bc4+ Kh7 23. Bd5 Nb4 24. Bxb7 Rad8 25. a3 c6 26. axb4 Qxb7 27. bxa5 Qxb3 28. Qc2 Qxf3 29.
Bc7 d3 30. Qxc6 Rd7 31. Nb6 Rde7 32. Rhe1 Re6 33. Qc5 Rxe4 34. Rf1 Qe2 35. Qc3 d2 36. Rg1 Bb8 37. Qc2 Bxc7 38. Qxc7 Qd3+ 39. Qc2 Rd4 40. Qxd3 Rxd3 41. Rg2 Red8 42. Rgg1 Ne6 43. Nc4 Nf4 44.
Kc2 Ne2 45. Rg2 Nf4 46. Rgxd2 Rxd2+ 47. Rxd2 Rc8 48. Kb3 Rb8+ 49. Ka4 Ne6 50. b4 Rc8 51. Nb6 Rc1 52. Re2 Ra1+ 0-1

[Event "Early-Titled-Tuesday-Blitz-October-03-2023"]
[Site "Chess.com"]
[Date "2023.10.03"]
[Round "11"]
[White "vasblesk"]
[Black "dropstoneDP"]
[Result "1/2-1/2"]
[WhiteElo "2761"]
[BlackElo "3080"]
[TimeControl "180+1"]
[EndTime "10:08:34 PDT"]
[Termination "Game drawn by stalemate"]

1. Nf3 d5 2. d4 Nf6 3. c4 e6 4. g3 Be7 5. Bg2 O-O 6. O-O dxc4 7. Qc2 a6 8. a4 Bd7 9. Qxc4 Bc6 10. Bg5 Bd5 11. Qc2 Be4 12. Qc1 Nc6 13. e3 Bb4 14. Nc3 Bxc3 15. bxc3 Qd5 16. c4 Qf5 17. Bf4 h6 18. Nh4 Qh7 19. Bxe4 Qxe4 20. Bxc7 Rac8 21. Bd6 Rfd8 22. c5 Nxd4 23. exd4 Rxd6 24. cxd6 Rxc1 25. Raxc1 Qd5 26. Rfd1 Qxd6 27. Nf3 b5 28. axb5 axb5 29. Ne5 Qb8 30. Rc5 b4 31. Nc6 Qb7 32. Rb1 b3 33. Rc3 b2 34. Rc2 Qb3 35. Rbxb2 Qf3 36. Rc1 Kh7 37. Ne5 Qh5 38. Rb7 Ne4 39. Rxf7 Nd2 40. Kg2 Qe2 41. Rf4 Ne4 42. h4 Nf6 43. Rf3 Qe4 44. Rc4 g5 45. hxg5 hxg5 46. Kg1 Nd5 47. Rf7+ Kh6 48. Rc8 Qb1+ 49. Kh2 g4 50. Rh8+ Kg5 51.
Rg8+ Kh5 52. Rh8+ Kg5 53. Rg7+ Kf5 54. Rf8+ Nf6 55. Rxg4 Qh1+ 56. Kxh1 1/2-1/2

[Event "Early-Titled-Tuesday-Blitz-October-03-2023"]
[Site "Chess.com"]
[Date "2023.10.03"]
[Round "11"]
[White "DanyKopy"]
[Black "Orujov2008"]
[Result "1-0"]
[WhiteElo "2588"]
[BlackElo "2640"]
[TimeControl "180+1"]
[EndTime "10:08:34 PDT"]
[Termination "DanyKopy won on time"]

1. d4 Nf6 2. Nf3 d5 3. c4 e6 4. Nc3 Be7 5. Bf4 O-O 6. e3 Nbd7 7. Be2 dxc4 8. Bxc4 a6 9. O-O c5 10. dxc5 Bxc5 11. Rc1 b5 12. Bd3 Bb7 13. Qe2 Qe7 14.
Rfd1 Rfd8 15. Bb1 Nb6 16. Ne5 Nbd5 17. Nxd5 Bxd5 18. Bg5 Rac8 19. Ng4 e5 20. b4 Bc4 21. Rxc4 bxc4 22. bxc5 Rxd1+ 23. Qxd1 Rxc5 24. Qc2 e4 25. Bxf6 gxf6 26. Qc3 Qd6 27. Nxf6+ Kf8 28. Bc2 Rb5 29. g3 Ke7 30. Nxe4 Qe5 31. Qxc4 Qa1+ 32. Kg2 Qe5 33. Bb3 f6 34. Qf7+ Kd8 35. Qxf6+ Qxf6 36. Nxf6 a5 37.
Nxh7 Rc5 38. Nf6 Rc3 39. Ne4 Rc1 40. a4 Kd7 41. Bd5 Ra1 42. Bc4 Ke7 43. Bb5 Kf7 44.
g4 Kg7 45. h4 Rc1 46. Kg3 Rb1 47. f4 Rb4 48. Kf3 Rb3 49. h5 Rb1 50. g5 Rf1+ 51.
Kg4 Rg1+ 52. Kf5 Re1 53. h6+ Kh8 54. g6 Rg1 55. g7+ Kh7 56. Nf6+ Kxh6 57. g8=Q 1-0

[Event "Early-Titled-Tuesday-Blitz-October-03-2023"]
[Site "Chess.com"]
[Date "2023.10.03"]
[Round "11"]
[White "azikom"]
[Black "RETURNOFTHELAGGER"]
[Result "1/2-1/2"]
[WhiteElo "2589"]
[BlackElo "2666"]
[TimeControl "180+1"]
[EndTime "10:08:40 PDT"]
[Termination "Game drawn - insufficient material"]

1. d4 Nf6 2. c4 g6 3. Nc3 d5 4.
Bg5 Ne4 5. Nxe4 dxe4 6. e3 Bg7 7. Ne2 O-O 8. Qd2 c5 9. d5 Na6 10. Nc3 f5 11. Be2 Nc7 12. h4 h6 13. Bf4 e5 14. dxe6 Nxe6 15. Qxd8 Rxd8 16. Bg3 b6 17. Rc1 Bb7 18. Rc2 Kf7 19. Nb5 Ke7 20. O-O Rd7 21. a3 a6 22. Nc3 Rad8 23. Na4 Rd2 24. Rfc1 g5 25. hxg5 hxg5 26. b4 cxb4 27. axb4 f4 28. exf4 gxf4 29. Bh4+ Bf6 30. Bxf6+ Kxf6 31. Nxb6 Rxc2 32.
Rxc2 f3 33. gxf3 exf3 34. Bf1 Nf4 35. Nd5+ Nxd5 36. cxd5 Bxd5 37. Bxa6 Rg8+ 38. Kf1 Rh8 39. Ke1 Ke5 40. Kd2 Rh2 41. Ke3 Rh4 42. b5 Re4+ 43. Kd2 Rb4 44. Kc1 Kd4 45. Rb2 Rxb2 46. Kxb2 Bc4 47. Bb7 Bxb5 48. Bxf3 Ke5 49. Kc3 Kf4 50.
Bd1 Be8 51. Kd2 Bg6 52. Ke1 Bf5 53. Be2 Bc8 54. Bf1 Bg4 55. Bg2 Bc8 56. Ke2 Bg4+ 57. f3 Be6 58. Kf2 Bd5 59. Bf1 Bxf3 1/2-1/2

[Event "Early-Titled-Tuesday-Blitz-October-03-2023"]
[Site "Chess.com"]
[Date "2023.10.03"]
[Round "11"]
[White "CristianS27"]
[Black "AsaHoffmann"]
[Result "1-0"]
[WhiteElo "2499"]
[BlackElo "2379"]
[TimeControl "180+1"]
[EndTime "10:08:40 PDT"]
[Termination "CristianS27 won on time"]

1. e4 d6 2. d4 Nf6 3. Nc3 c6 4. Nf3 Bg4 5. h3 Bh5 6. Be2 e6 7. O-O d5 8. exd5 cxd5 9. Ne5 Bxe2 10. Qxe2 Nc6 11. Nxc6 bxc6 12. Na4 Qa5 13. b3 a6 14.
Bd2 Qb5 15. Qf3 Be7 16. Bg5 O-O 17. Rfe1 Rfe8 18. c3 a5 19. Bxf6 Bxf6 20. Nc5 Be7 21.
Nd3 c5 22. Nxc5 Bxc5 23. dxc5 Qxc5 24. c4 d4 25. Rad1 e5 26. Qe4 h6 27. h4 a4 28.
Rd3 axb3 29. axb3 Rab8 30. Rg3 Qe7 31. h5 Qe6 32. Ra1 f5 33. Qd3 Rb7 34. Rg6 Qd7 35.
Raa6 e4 36. Qg3 d3 37. Rad6 Qe7 38. Rxh6 Rd7 39. c5 d2 40. Rhg6 d1=Q+ 41. Rxd1 Rxd1+ 42. Kh2 Qe5 43. c6 Qxg3+ 44. Kxg3 Rc1 45. h6 Rc8 46. Rxg7+ Kh8 47. Rf7 R1xc6 48. Rxf5 Rxh6 49. Re5 Rg6+ 50. Kf4 Rf8+ 51. Ke3 Rg4 52. b4 Rxg2 53. Rxe4 Rg1 54.
f4 Rb1 55. Kf3 Rb8 56. Kg4 R1xb4 57. Re5 Kg7 58. Rh5 Kg6 59. Rg5+ Kf6 60. Re5 1-0

[Event "Early-Titled-Tuesday-Blitz-October-03-2023"]
[Site "Chess.com"]
[Date "2023.10.03"]
[Round "11"]
[White "JimDiGrease"]
[Black "scarabee43"]
[Result "1-0"]
[WhiteElo "2936"]
[BlackElo "2800"]
[TimeControl "180+1"]
[EndTime "10:08:42 PDT"]
[Termination "JimDiGrease won by checkmate"]

1. d4 Nf6 2. c4 e6 3. Bf4 d5 4. cxd5 exd5 5. e3 Bd6 6. Bg3 O-O 7. Nc3 c6 8. Bd3 Bg4 9. Qb3 b5 10. Nf3 Bxf3 11. gxf3 a5 12. Ne2 Na6 13. a3 b4 14.
O-O c5 15. Bxa6 Rxa6 16. dxc5 Bxc5 17. Rac1 Bd6 18. a4 Qd7 19. Qd3 Rfa8 20. b3 Bxg3 21. hxg3 h5 22. Kg2 g6 23. Nd4 Rd6 24. Rc5 Kg7 25.
Rfc1 h4 26. Rc7 Qe8 27. g4 Qe5 28. Kh3 Rh8 29. Rb7 Rd7 30. Rxd7 Nxd7 31. Rc6 Nf6 32. Qc2 Nh7 33. f4 Qe8 34. Qb2 Kg8 35. Nf3 Nf8 36.
Ng5 Qxc6 37. Nxf7 Rh7 38. Ng5 Rc7 39. Qe5 d4 40. Ne4 dxe3 41. fxe3 Rf7 42. Kxh4 Qc1 43.
Ng5 Qe1+ 44. Kh3 Qf1+ 45. Kg3 Qg1+ 46. Kf3 Qh1+ 47. Kg3 Rd7 48. Qf6 Qg1+ 49. Kf3 Rc7 50. Qd6 Rg7 51. Qd5+ Kh8 52. Qd8 Qh1+ 53. Kg3 Qg1+ 54.
Kf3 Qf1+ 55. Kg3 Kg8 56. Qd5+ Kh8 57. Qd8 Qe1+ 58. Kf3 Rg8 59. Qf6+ Rg7 60. Qxf8+ Rg8 61. Qh6# 1-0

[Event "Early-Titled-Tuesday-Blitz-October-03-2023"]
[Site "Chess.com"]
[Date "2023.10.03"]
[Round "11"]
[White "Mr_ruthless"]
[Black "Xqswdc"]
[Result "0-1"]
[WhiteElo "2484"]
[BlackElo "2348"]
[TimeControl "180+1"]
[EndTime "10:08:43 PDT"]
[Termination "Xqswdc won by checkmate"]

1. Nf3 g6 2. c4 Bg7 3. g3 Nf6 4.
Nc3 O-O 5. Bg2 d6 6. O-O Nc6 7. d4 e5 8. d5 Ne7 9. e4 Ne8 10. Ne1 f5 11. Nd3 Nf6 12. Rb1 fxe4 13. Nxe4 Nxe4 14.
Bxe4 Bh3 15. Re1 Nf5 16. b4 Nd4 17. Be3 Qf6 18. Bxd4 exd4 19. Nf4 Bd7 20. c5 g5 21. Nd3 Rae8 22. Qh5 Rxe4 23. Rxe4 Bf5 24. Rbe1 Bxe4 25. Rxe4 Qf5 26. Qe2 Qxd5 27. Re7 Rf7 28. Re8+ Bf8 29.
cxd6 cxd6 30. f4 Kg7 31. fxg5 Qxg5 32. Re4 Qf5 33. Nf4 Kh8 34. Re8 d5 35. Qb2 Qf6 36. Re6 Qg7 37. Nxd5 d3 38. Qxg7+ Kxg7 39. Ne3 Bxb4 40.
Re4 Bc5 41. Kg2 Bxe3 42. Rxe3 Rd7 43. Re1 Kf6 44. Kf2 Kf5 45. Ke3 Re7+ 46. Kf2 Rxe1 47. Kxe1 Kg4 48. Kd2 Kh3 49. Kxd3 Kxh2 50. g4 Kg3 51. g5 Kg4 52. a4 Kxg5 53. a5 h5 54.
Ke4 a6 55. Kd5 h4 56. Kc5 h3 57. Kb6 h2 58. Kxb7 h1=Q+ 59. Kxa6 Qa8+ 60. Kb6 Kf6 61. a6 Ke5 62. a7 Kd6 63. Ka6 Kc5 64. Ka5 Qxa7# 0-1

[Event "Early-Titled-Tuesday-Blitz-October-03-2023"]
[Site "Chess.com"]
[Date "2023.10.03"]
[Round "11"]
[White "Kielinkei"]
[Black "zozik"]
[Result "0-1"]
[WhiteElo "2456"]
[BlackElo "2354"]
[TimeControl "180+1"]
[EndTime "10:08:43 PDT"]
[Termination "zozik won on time"]

1. c4 Nf6 2. g3 c5 3. Bg2 Nc6 4. e4 d6 5. Ne2 e5 6. O-O g6 7. d3 Bg7 8. Nbc3 O-O 9. f4 Nd4 10.
Nxd4 cxd4 11. Nd5 Nxd5 12. cxd5 f5 13. fxe5 Bxe5 14. Bh6 Rf7 15. Qd2 Bd7 16. Rac1 Rc8 17. Rxc8 Qxc8 18. Rc1 Qd8 19. Bg5 Qb6 20. b3 fxe4 21.
Bxe4 Bh3 22. Bg2 Bf5 23. Rf1 Qb5 24. Be4 Bxe4 25. Rxf7 Kxf7 26. dxe4 Qc5 27. Kg2 Qc3 28. Qxc3 dxc3 29. Kf3 Bf6 30. Bc1 b5 31. Ba3 a5 32.
Ke2 b4 33. Bc1 Bd4 34. Kd3 Bg1 35. h3 Kf6 36. a3 g5 37. axb4 axb4 38. Kc4 Bc5 39.
e5+ Kxe5 40. Bxg5 Ke4 41. Bf4 Kf3 42. Kd3 h5 43. h4 Kg4 44. Kc2 Kf5 45. Kd3 Kf6 46.
Bg5+ Kf5 47. Bf4 Kg4 48. Kc2 Kf3 49. Kd3 Kf2 50. Kc2 Ke2 51. Bg5 Be3 52. Be7 Bc5 53. Bg5 Kf3 54. Bf4 Ke4 55. Bg5 Kxd5 56. Kd3 Ke6 57.
Bf4 d5 58. Bg5 Bd6 0-1

[Event "Early-Titled-Tuesday-Blitz-October-03-2023"]
[Site "Chess.com"]
[Date "2023.10.03"]
[Round "11"]
[White "Vision_64"]
[Black "ExchangeAB"]
[Result "0-1"]
[WhiteElo "2354"]
[BlackElo "2497"]
[TimeControl "180+1"]
[EndTime "10:08:44 PDT"]
[Termination "ExchangeAB won on time"]

1. e4 c6 2. d4 d5 3. exd5 cxd5 4. Bd3 Nf6 5. c3 Nc6 6. Bf4 Bg4 7. Ne2 e6 8. O-O Bd6 9. f3 Bh5 10. Qe1 Bg6 11. Bb5 Qc7 12. Qg3 Rd8 13. Bxd6 Qxd6 14. Qxd6 Rxd6 15. Nf4 a6 16. Bxc6+ Rxc6 17. Nxg6 hxg6 18.
Nd2 b5 19. Nb3 Nd7 20. Rae1 O-O 21. Re3 Ra8 22. Na5 Rc7 23. f4 Nb6 24. g4 Nc4 25.
Nxc4 Rxc4 26. f5 gxf5 27. gxf5 Re8 28. fxe6 Rxe6 29. Ref3 f6 30. Rf5 Re2 31. R1f2 Rxf2 32. Kxf2 b4 33. Rxd5 bxc3 34. bxc3 Rxc3 35. Ra5 Rd3 36.
Rxa6 Rxd4 37. Ra7 Rd2+ 38. Kg3 Kh7 39. a4 Ra2 40. a5 Kh6 41. h3 Ra4 42. Ra8 Kg5 43.
a6 Ra3+ 44. Kg2 Kf4 45. h4 Kg4 46. a7 Ra2+ 47. Kf1 f5 48. h5 f4 49. h6 Kf3 50.
Kg1 gxh6 51. Rh8 Rxa7 52. Rxh6 Ra1+ 53. Kh2 Kf2 54. Rb6 Ra2 55. Kh1 f3 56. Kh2 Re2 57. Ra6 Kf1+ 58. Kh1 f2 59. Ra1+ Re1 60. Ra2 Re8 0-1

[Event "Early-Titled-Tuesday-Blitz-October-03-2023"]
[Site "Chess.com"]
[Date "2023.10.03"]
[Round "11"]
[White "Elsa167"]
[Black "Eagle_2019"]
[Result "1-0"]
[WhiteElo "2922"]
[BlackElo "2716"]
[TimeControl "180+1"]
[EndTime "10:08:46 PDT"]
[Termination "Elsa167 won on time"]

1. d4 d5 2. c4 c6 3. cxd5 cxd5 4. Bf4 Nc6 5. e3 Nf6 6. Nc3 a6 7. Be2 Bf5 8. Nf3 e6 9. Qb3 Ra7 10. Ne5 Nd7 11. Nxd7 Qxd7 12. O-O Be7 13. Na4 b5 14. Nc3 O-O 15. Rfc1 Na5 16. Qd1 Rc8 17. Bd3 Bxd3 18. Qxd3 Nc4 19. b3 Nd6 20. a4 b4 21. Ne2 a5 22. h3 h6 23. Rxc8+ Qxc8 24. Rc1 Rc7 25.
Rxc7 Qxc7 26. f3 Qc6 27. g4 Nc8 28. Kg2 Bd6 29. Bxd6 Nxd6 30. h4 g6 31. Kf2 Kf8 32. Qd2 Qc7 33. Nf4 g5 34. hxg5 hxg5 35. Nd3 Nc4 36. bxc4 Qh2+ 37. Ke1 Qg1+ 38. Ke2 dxc4 39. Nf2 Qa1 40. d5 c3 41. Qd4 Qa2+ 42. Ke1 c2 43. Nd3 Qb1+ 44. Kf2 Qd1 45. Qc5+ Kg8 46. dxe6 Qd2+ 47.
Kg3 fxe6 48. Qxg5+ Kf7 49. Ne5+ Ke8 50. Qg8+ Ke7 51.
Qf7+ Kd8 52. Qf8+ Kc7 53. Qc5+ Kd8 54. Nc6+ Kc8 55. Nxb4+ Kd7 56. Nxc2 Qd1 57. Qd4+ 1-0